 Dungeon Crawl Stone Soup version 0.27-a0-1434-g6f15984924 (webtiles) character file.

Game seed: 8628906031508411107

77 AarnesTheHuman the Shield-Bearer (level 4, -4/38 HPs)
             Began as a Barachi Fighter on July 3, 2021.
             Slain by Sigmund (11 damage)
             ... on level 2 of the Dungeon.
             The game lasted 00:03:10 (2630 turns).

AarnesTheHuman the Shield-Bearer (Barachi Fighter)  Turns: 2630, Time: 00:03:11

Health: -4/38      AC:  7    Str: 18    XL:     4   Next: 33%
Magic:  4/4        EV:  7    Int:  9    God:
Gold:   83         SH:  0    Dex: 11    Spells: 3/3 levels left

rFire    . . .     SeeInvis .   a - +0 rapier
rCold    . . .     Faith    .   c - +0 kite shield
rNeg     . . .     Spirit   .   b - +0 scale mail
rPois    .         Reflect  .   (no helmet)
rElec    .         Harm     .   (no cloak)
rCorr    .         Rampage  .   (no gloves)
Will     .....                  (no boots)
Stlth    ..........             (no amulet)
HPRegen  0.12/turn              (no ring)
MPRegen  0.09/turn              (no ring)

@: confused, unable to hop, slow
A: amphibious, slowness 1, strong legs 1, +LOS
a: Hop


You were on level 2 of the Dungeon.
You visited 1 branch of the dungeon, and saw 2 of its levels.

You collected 83 gold pieces.

Inventory:

Hand Weapons
 a - a +0 rapier (weapon)
Armour
 b - a +0 scale mail (worn)
 c - a +0 kite shield (worn)
Jewellery
 e - a ring of resist corrosion
 i - a ring of protection from fire
Scrolls
 g - 2 scrolls of identify {unknown}
 k - a scroll of fear {unknown}
 l - a scroll of teleportation {unknown}
Potions
 d - a potion of might
 f - a potion of heal wounds {unknown}
 j - a potion of attraction {unknown}


   Skills:
 + Level 4.3 Fighting
 - Level 2.1 Short Blades
 + Level 4.3 Armour
 * Level 4.5 Shields


You had 3 spell levels left.
You didn't know any spells.
Your spell library was empty.

Dungeon Overview and Level Annotations

Branches:
Dungeon (2/15)

Altars:

Annotations:
D:2 Sigmund


Innate Abilities, Weirdness & Mutations

You are amphibious.
You cover ground slowly.
You can hop short distances.
You have an extended range of vision and can be seen from far away.


Message History

Press: ? - help, Q - select action, (/) - cycle Shift-Dir - straight line, f/p - Sigmund
Aim: Sigmund, wielding a +0 scythe and wearing a +0 robe (lightly wounded, very poisoned, 53% to hit)
You throw a poisoned dart.
The poisoned dart barely misses Sigmund.
Sigmund closely misses you.
Throw: dart (poison)
Press: ? - help, Q - select action, (/) - cycle Shift-Dir - straight line, f/p - Sigmund
Aim: Sigmund, wielding a +0 scythe and wearing a +0 robe (lightly wounded, very poisoned, 53% to hit)
You throw a poisoned dart. The poisoned dart hits Sigmund.
Sigmund looks as sick as possible!
Sigmund is lightly wounded.
Sigmund casts a spell at you. The puff of flame misses you.
Sigmund barely misses you.
Sigmund hits you from afar with a +0 scythe!
Unknown command.
Sigmund casts a spell at you. The puff of flame hits you!
Hop to where?
Press: ? - help, Dir - move target, p - Sigmund Boing!
There is an escape hatch in the ceiling here.
Sigmund hits you but does no damage. You block Sigmund's attack.
You closely miss Sigmund.
Sigmund is severely wounded.
Sigmund hits you with a +0 scythe!
* * * LOW HITPOINT WARNING * * *
You block Sigmund's attack.
Your scale mail prevents you from hitting Sigmund.
Sigmund is almost dead.
Sigmund points at you and mumbles some strange words.
You are confused.
You miss Sigmund.
Sigmund is almost dead.
Sigmund casts a spell at you. The magic dart hits you.
* * * LOW HITPOINT WARNING * * *
Sigmund looks more healthy.
Sigmund hits you from afar with a +0 scythe!
You die...

#######
##########.....#
..(((((..#.###.#
#########.#.#...#
.......##.#.#.######.##
.#####.##.#...@.@<....#
.#...#.##.......#######
.#..##.######.#.#
.......>....#.#.#
.#..##.#....#.#.#
.#..##.##.###.#.#
......<#......#.#
######.#..#...#.#
.......#..#.#.#.#


You could see Sigmund.

Vanquished Creatures
  3 gnolls (D:2)
  An adder (D:2)
  A worm (D:2)
  A dart slug (D:2)
  6 bats
  2 endoplasms
  A giant cockroach (D:1)
  7 hobgoblins
  A quokka (D:1)
  3 frilled lizards (D:1)
  3 goblins
  A kobold (D:1)
  4 rats
34 creatures vanquished.

Notes
Turn   | Place    | Note
-------+----------+-------------------------------------------
     0 | D:1      | AarnesTheHuman the Barachi Fighter began the quest for the
                  | Orb.
     0 | D:1      | Reached XP level 1. HP: 18/18 MP: 1/1
   265 | D:1      | Reached XP level 2. HP: 21/25 MP: 2/2
  1257 | D:2      | Reached XP level 3. HP: 26/30 MP: 3/3
  1921 | D:2      | Reached XP level 4. HP: 33/37 MP: 4/4
  2605 | D:2      | Noticed Sigmund
  2630 | D:2      | Slain by Sigmund

Illustrated notes

Levels and vault maps discovered:
D:1:      lightli_arrival_windingriver, layout_loops_cross,
          minmay_misc_feat_five
D:2:      layout_basic, minmay_shallow_snake_nest, uniq_sigmund

Skill      XL: |  1  2 |
---------------+-------+-----
Fighting       | 4 |  4.3
Armour         | 4 |  4.3
Shields        | 4 |  4.5
Short Blades   | |  2.1

Action                   |  1- 3 |  4- 6 || total
-------------------------+-------+-------++-------
Melee: Rapier            |    91 |    34 ||   125
Throw: Dart              |     1 |    11 ||    12
 Abil: Hop               |       |     1 ||     1
Armor: Scale mail        |    30 |    18 ||    48
Dodge: Dodged            |    27 |    11 ||    38
Block: Kite shield       |    48 |    16 ||    64

Table legend: (Time is in decaauts)
 A = Elapsed time spent in this place.
 B = Non-inter-level travel time spent in this place.
 C = Inter-level travel time spent in this place.
 D = Time resting spent in this place.
 E = Time spent auto-exploring this place.
 F = Levels seen in this place.
 G = Mean time per level.
                   A        B        C        D        E       F      G
               +--------+--------+--------+--------+--------+-----+--------+
         Total |   2890 |   2876 |     14 |    885 |   1606 |   2 | 1445.0 |
       Dungeon |   2890 |   2876 |     14 |    885 |   1606 |   2 | 1445.0 |
               +--------+--------+--------+--------+--------+-----+--------+

Top non-repeatable levels by time:
     D:1: 1584 daAuts
     D:2: 1305 daAuts
